[Event "ICC tourney 2246 (120 10)"]
[Site "Internet Chess Club"]
[Date "2020.12.26"]
[Round "1"]
[White "Karloschess"]
[Black "RubyD"]
[Result "0-1"]
[ICCResult "White checkmated"]
[WhiteElo "478"]
[BlackElo "1122"]
[Opening "Ruy Lopez: classical (Cordel) defense"]
[ECO "C64"]
[NIC "RL.01"]
[Time "12:02:20"]
[PlyCount "26"]
[TimeControl "7200+10"]

1. e4 e5 2. Nf3 Nc6 3. Bb5 Bc5 4. O-O d6 5. Nc3 a6 6. Ba4 b5 7. Bb3 Bg4 8.
d3 Nd4 9. Be3 Nxf3+ 10. gxf3 Bh3 11. Re1 Bxe3 12. fxe3 Qg5+ 13. Kf2 Qg2# {
White checkmated } 0-1

[Event "ICC tourney 2246 (120 10)"]
[Site "Internet Chess Club"]
[Date "2020.12.26"]
[Round "1"]
[White "kushagra12"]
[Black "avbhosale"]
[Result "1-0"]
[ICCResult "Black checkmated"]
[WhiteElo "1108"]
[BlackElo "235"]
[Opening "Scotch opening"]
[ECO "C44"]
[NIC "KP.10"]
[Time "12:01:48"]
[PlyCount "79"]
[TimeControl "7200+10"]

1. e4 e5 2. Nf3 Nc6 3. d4 d6 4. dxe5 dxe5 5. Qxd8+ Kxd8 6. Bb5 Nb4 7. Na3
c6 8. Bc4 Be6 9. Bxe6 fxe6 10. Nxe5 Nh6 11. Bxh6 gxh6 12. Nf7+ Ke7 13. Nxh8
Bg7 14. c3 Bxh8 15. cxb4 Bxb2 16. Rb1 Bxa3 17. Kd2 c5 18. bxc5 Bxc5 19.
Rxb7+ Kf6 20. Rxh7 Bxf2 21. Rf1 Rd8+ 22. Ke2 Rf8 23. Rxf2+ Kg6 24. Rxh6+
Kg7 25. Rxf8 Kxf8 26. Rh7 Ke8 27. Rxa7 Kd8 28. Kd3 Kc8 29. Rh7 Kb8 30. Kd4
Ka8 31. Kc5 Kb8 32. Kb6 Kc8 33. Kc6 Kd8 34. Ra7 e5 35. h3 Ke8 36. Kd6 Kf8
37. Ke6 Kg8 38. Kf6 Kh8 39. Kg6 Kg8 40. Ra8# { Black checkmated } 1-0

[Event "ICC tourney 2246 (120 10)"]
[Site "Internet Chess Club"]
[Date "2020.12.26"]
[Round "1"]
[White "mukeshietk"]
[Black "Pranavthepro"]
[Result "0-1"]
[ICCResult "White checkmated"]
[WhiteElo "100"]
[BlackElo "1078"]
[Opening "Queen's pawn game"]
[ECO "D00"]
[NIC "QP.08"]
[Time "12:01:52"]
[PlyCount "80"]
[TimeControl "7200+10"]

1. d4 d5 2. Qd3 e6 3. c4 Nf6 4. cxd5 e5 5. dxe5 Nxd5 6. e4 Bb4+ 7. Bd2
Bxd2+ 8. Qxd2 Nb6 9. Qxd8+ Kxd8 10. Be2 Re8 11. Nf3 Bg4 12. O-O Bxf3 13.
Bxf3 Rxe5 14. Re1 Nc6 15. h4 f6 16. Na3 Ke7 17. Rad1 Rd8 18. Nb5 Rxb5 19.
Rxd8 Nxd8 20. b3 Nf7 21. a4 Rxb3 22. a5 Nc4 23. a6 bxa6 24. e5 Ncxe5 25.
Bd1 Rb6 26. Bh5 Kd7 27. Bxf7 Nxf7 28. g3 a5 29. Rd1+ Rd6 30. Rxd6+ Nxd6 31.
g4 a4 32. Kf1 a3 33. Ke1 a2 34. Ke2 a1=Q 35. f3 Qa2+ 36. Ke3 f5 37. gxf5
Nxf5+ 38. Kf4 g6 39. h5 Qc4+ 40. Kg5 Qh4# { White checkmated } 0-1

[Event "ICC tourney 2246 (120 10)"]
[Site "Internet Chess Club"]
[Date "2020.12.26"]
[Round "1"]
[White "Poorvi123"]
[Black "ryan2007"]
[Result "0-1"]
[ICCResult "White checkmated"]
[WhiteElo "752"]
[BlackElo "1155"]
[Opening "Sicilian"]
[ECO "B50"]
[NIC "SI.01"]
[Time "12:01:35"]
[PlyCount "88"]
[TimeControl "7200+10"]

1. e4 c5 2. Nf3 d6 3. Bc4 Nc6 4. Nc3 Bg4 5. O-O Nf6 6. h3 Bh5 7. g4 Bg6 8.
Ng5 h6 9. Nf3 Bxe4 10. Nxe4 Nxe4 11. Qe2 Nf6 12. d3 d5 13. Bb5 e6 14. Ne5
Rc8 15. Bxc6+ bxc6 16. Be3 Bd6 17. Nf3 Rb8 18. b3 O-O 19. a4 Nh7 20. d4
cxd4 21. Bxd4 Re8 22. Ne5 Qc7 23. a5 f6 24. Nf3 e5 25. Bc3 e4 26. Nh2 Bxh2+
27. Kh1 Bd6 28. f3 exf3 29. Qxf3 Ng5 30. Qd3 Re7 31. h4 Ne4 32. Qf3 Ng3+
33. Kg2 Nxf1 34. Kxf1 Rbe8 35. Qf2 Re4 36. g5 Rf4 37. Qxf4 Bxf4 38. gxf6
gxf6 39. Bxf6 Be5 40. Bxe5 Qxe5 41. Rb1 Qh2 42. Rb2 Rf8+ 43. Ke1 Qg2 44.
Kd1 Rf1# { White checkmated } 0-1

[Event "ICC tourney 2246 (120 10)"]
[Site "Internet Chess Club"]
[Date "2020.12.26"]
[Round "1"]
[White "MatthewDiao"]
[Black "buptwy"]
[Result "1-0"]
[ICCResult "Black checkmated"]
[WhiteElo "1178"]
[BlackElo "830"]
[Opening "Grünfeld: 5.e3"]
[ECO "D94"]
[NIC "GI.09"]
[Time "12:01:53"]
[PlyCount "55"]
[TimeControl "7200+10"]

1. d4 Nf6 2. c4 g6 3. Nc3 d5 4. e3 Bg7 5. Nf3 O-O 6. b3 e6 7. Bb2 Re8 8.
Bd3 Nc6 9. a3 Qd6 10. O-O b6 11. Rc1 Bb7 12. Re1 dxc4 13. bxc4 Na5 14. e4
Bh6 15. e5 Qe7 16. exf6 Qxf6 17. Rc2 Rad8 18. Ne4 Qe7 19. d5 Qd7 20. Nf6+
Kf8 21. Nxd7+ Rxd7 22. dxe6 Rdd8 23. exf7 Kxf7 24. Rxe8 Rxe8 25. Ne5+ Kg8
26. Qg4 Rf8 27. Qe6+ Kh8 28. Nxg6# { Black checkmated } 1-0

[Event "ICC tourney 2246 (120 10)"]
[Site "Internet Chess Club"]
[Date "2020.12.26"]
[Round "1"]
[White "baldwinsthename"]
[Black "SreeVSundaram"]
[Result "1-0"]
[ICCResult "Black resigns"]
[WhiteElo "1215"]
[BlackElo "914"]
[Opening "Caro-Kann defense"]
[ECO "B15"]
[NIC "CK.05"]
[Time "12:01:42"]
[PlyCount "21"]
[TimeControl "7200+10"]

1. d4 d5 2. e4 c6 3. Nc3 e6 4. e5 Bb4 5. Nf3 Ne7 6. Bd3 O-O 7. h4 Bxc3+ 8.
bxc3 b6 9. Bxh7+ Kxh7 10. Ng5+ Kg6 11. h5+ { Black resigns } 1-0

[Event "ICC tourney 2246 (120 10)"]
[Site "Internet Chess Club"]
[Date "2020.12.26"]
[Round "1"]
[White "Lucasmoon17"]
[Black "DaveGriffin"]
[Result "0-1"]
[ICCResult "White checkmated"]
[WhiteElo "643"]
[BlackElo "1124"]
[Opening "French defense"]
[ECO "C00"]
[NIC "FR.01"]
[Time "12:01:32"]
[PlyCount "128"]
[TimeControl "7200+10"]

1. e4 e6 2. Nf3 d5 3. d3 dxe4 4. dxe4 Qxd1+ 5. Kxd1 b6 6. Nc3 Bb4 7. Bd2
Nf6 8. a3 Bxc3 9. Bxc3 Nxe4 10. Bd4 O-O 11. Bd3 Nf6 12. Bxf6 gxf6 13. Be4
c6 14. Nd4 Bb7 15. Nb5 Rd8+ 16. Ke2 Ba6 17. c4 f5 18. Bf3 Bb7 19. Nc7 Nd7
20. Nxa8 Bxa8 21. Rhd1 Kf8 22. Kf1 Ke7 23. b4 Ne5 24. Rxd8 Kxd8 25. Rd1+
Ke7 26. Be2 Bb7 27. f4 Nd7 28. c5 bxc5 29. b5 cxb5 30. Bxb5 Nb6 31. a4 a6
32. Be2 Nxa4 33. Rb1 Be4 34. Re1 a5 35. Bb5 Nc3 36. Bc4 Bd5 37. Bxd5 Nxd5
38. Ra1 Nxf4 39. Rxa5 Nd3 40. Ke2 c4 41. Ra7+ Kf6 42. Rc7 Nf4+ 43. Kf3 Nd3
44. Rxc4 Ne5+ 45. Kf4 Nxc4 46. h4 h5 47. Kf3 Ke5 48. Kg3 f4+ 49. Kf3 f6 50.
g4 fxg3 51. Kxg3 Kf5 52. Kh3 Kf4 53. Kg2 Kg4 54. Kh2 Kxh4 55. Kg2 Kg4 56.
Kh2 e5 57. Kg2 e4 58. Kf2 f5 59. Ke2 f4 60. Kf1 Kf3 61. Ke1 Kg2 62. Ke2 f3+
63. Ke1 f2+ 64. Ke2 f1=Q# { White checkmated } 0-1

[Event "ICC tourney 2246 (120 10)"]
[Site "Internet Chess Club"]
[Date "2020.12.26"]
[Round "1"]
[White "johnzabraham"]
[Black "kitook"]
[Result "1-0"]
[ICCResult "Black checkmated"]
[WhiteElo "1120"]
[BlackElo "426"]
[Opening "QGD: exchange, positional line"]
[ECO "D35"]
[NIC "QO.16"]
[Time "12:01:55"]
[PlyCount "85"]
[TimeControl "7200+10"]

1. d4 d5 2. c4 e6 3. Nc3 Nf6 4. cxd5 exd5 5. Bg5 Be7 6. Nf3 Nc6 7. e3 O-O
8. Bd3 h6 9. Bh4 Re8 10. a3 Bg4 11. Qc2 Ne4 12. Bxe7 Qxe7 13. Nxd5 Qd6 14.
Bxe4 Bxf3 15. Bxf3 Rad8 16. O-O Re6 17. b4 a6 18. Rfd1 Rg6 19. Nf4 Rf6 20.
Bxc6 Qxc6 21. Qxc6 Rxc6 22. Rac1 Rf6 23. Rxc7 g5 24. Nd3 b5 25. Rdc1 Kg7
26. Ne5 Rd5 27. R1c6 Rf5 28. h3 h5 29. e4 Rfxe5 30. exd5 Rxd5 31. Rc5 Rxd4
32. Rxg5+ Kh6 33. Rg8 f5 34. Rc6+ Kh7 35. Rcg6 Rd7 36. Rg3 f4 37. R3g5 h4
38. Rg4 Rc7 39. R8g5 Kh6 40. Rf5 Rc1+ 41. Kh2 Ra1 42. Rf8 Rxa3 43. Rh8# {
Black checkmated } 1-0

[Event "ICC tourney 2246 (120 10)"]
[Site "Internet Chess Club"]
[Date "2020.12.26"]
[Round "1"]
[White "potatos22"]
[Black "DanielHan"]
[Result "1-0"]
[ICCResult "Black checkmated"]
[WhiteElo "1088"]
[BlackElo "157"]
[Opening "Ruy Lopez: 5.O-O"]
[ECO "C78"]
[NIC "RL.12"]
[Time "12:01:36"]
[PlyCount "73"]
[TimeControl "7200+10"]

1. e4 e5 2. Nf3 Nc6 3. Bb5 a6 4. Ba4 Nf6 5. O-O b5 6. Bb3 Bc5 7. a4 Rb8 8.
c3 d5 9. exd5 Nxd5 10. d4 Bb6 11. Re1 Nce7 12. a5 Ba7 13. Nxe5 O-O 14. Qf3
Nf6 15. Qg3 Ng6 16. Nc6 Re8 17. Bd2 Rxe1+ 18. Bxe1 Qe8 19. Ne5 Nxe5 20.
dxe5 Nh5 21. Qd3 Qxe5 22. Bd2 Bf5 23. Qf3 Re8 24. h3 Nf6 25. Na3 c5 26. Re1
Qb8 27. Rxe8+ Qxe8 28. Qxf5 Qe7 29. Bg5 b4 30. cxb4 Bb8 31. g3 cxb4 32. Nc4
Qe1+ 33. Kg2 g6 34. Qxf6 Qd1 35. Bxd1 Bc7 36. Bh6 g5 37. Qg7# { Black
checkmated } 1-0

[Event "ICC tourney 2246 (120 10)"]
[Site "Internet Chess Club"]
[Date "2020.12.26"]
[Round "1"]
[White "Chessssssser"]
[Black "IsaacCumes"]
[Result "1-0"]
[ICCResult "Black checkmated"]
[WhiteElo "1239"]
[BlackElo "962"]
[Opening "Ruy Lopez: exchange variation, 5.O-O"]
[ECO "C68"]
[NIC "RL.08"]
[Time "12:02:08"]
[PlyCount "135"]
[TimeControl "7200+10"]

1. e4 e5 2. Nf3 Nc6 3. Bb5 a6 4. Bxc6 dxc6 5. O-O Nf6 6. Nxe5 Nxe4 7. Re1
Qd4 8. d3 Qxf2+ 9. Kh1 Ng3+ 10. hxg3 Qxg3 11. Bf4 Qh4+ 12. Kg1 Bc5+ 13. Be3
Bxe3+ 14. Rxe3 Qd4 15. Qe1 Be6 16. Nc4 O-O 17. c3 Qf4 18. Qf2 Qg4 19. Qf3
Qxf3 20. Rxf3 Rad8 21. Nbd2 c5 22. Nb3 b6 23. Re1 Rfe8 24. Rfe3 Kf8 25.
Ncd2 Bxb3 26. Rxe8+ Rxe8 27. Rxe8+ Kxe8 28. axb3 Ke7 29. Kf2 Ke6 30. Ke2
Kd5 31. Kf3 b5 32. Ke3 Ke5 33. c4 b4 34. Nf3+ Kd6 35. Ke4 a5 36. d4 cxd4
37. Kxd4 c5+ 38. Ke4 Ke6 39. Ng5+ Ke7 40. Kd5 h6 41. Ne4 f5 42. Nxc5 g5 43.
Ke5 f4 44. Nd3 Kf7 45. c5 Ke7 46. Nxf4 gxf4 47. Kxf4 Kd7 48. Ke4 Kc6 49.
Kd4 h5 50. Kc4 h4 51. Kd4 Kb5 52. Kd5 a4 53. bxa4+ Kxa4 54. c6 Kb3 55. c7
Kxb2 56. c8=Q Ka2 57. Qc2+ Ka1 58. Qb3 h3 59. Qxb4 hxg2 60. Qg4 g1=Q 61.
Qxg1+ Ka2 62. Qe3 Kb2 63. Qd3 Kc1 64. Qe2 Kb1 65. Qd2 Ka1 66. Kc4 Kb1 67.
Kb3 Ka1 68. Qe1# { Black checkmated } 1-0

[Event "ICC tourney 2246 (120 10)"]
[Site "Internet Chess Club"]
[Date "2020.12.26"]
[Round "1"]
[White "OS99"]
[Black "mohitmukkollu"]
[Result "0-1"]
[ICCResult "White checkmated"]
[WhiteElo "891"]
[BlackElo "1225"]
[Opening "Philidor's defense"]
[ECO "C41"]
[NIC "KP.10"]
[Time "12:01:51"]
[PlyCount "136"]
[TimeControl "7200+10"]

1. e4 e5 2. Nf3 d6 3. Nc3 Nf6 4. Bc4 Be7 5. O-O O-O 6. h3 c6 7. d3 Be6 8.
Bxe6 fxe6 9. Ng5 Qd7 10. Be3 h6 11. Nf3 d5 12. exd5 exd5 13. Nxe5 Qe6 14.
Ng6 Rf7 15. Nf4 Qd6 16. Ng6 d4 17. Nxe7+ Rxe7 18. Ne4 Nxe4 19. dxe4 Rxe4
20. f3 Rxe3 21. c3 d3 22. Qd2 Re2 23. Qd1 Na6 24. f4 Rae8 25. Qb3+ Kh8 26.
Qxb7 Qc5+ 27. Kh1 Qb6 28. Qf7 Qe3 29. Qh5 d2 30. Qh4 Re1 31. Kh2 Rxf1 32.
Rxf1 Qe1 33. Rxe1 dxe1=Q 34. Qxe1 Rxe1 35. Kg3 Re2 36. b3 Rxa2 37. b4 Rc2
38. c4 Rxc4 39. Kf3 Rxb4 40. Ke3 c5 41. Kd3 c4+ 42. Kc3 Kg8 43. g4 Kf7 44.
h4 Kf6 45. h5 g6 46. hxg6 Kxg6 47. f5+ Kf6 48. Kd4 Nc7 49. Kc3 Ra4 50. Kb2
Nd5 51. Kc2 c3 52. Kc1 Ra2 53. Kb1 c2+ 54. Kc1 Ne3 55. g5+ hxg5 56. Kd2
Kxf5 57. Kc1 Ke4 58. Kd2 g4 59. Kc1 g3 60. Kd2 g2 61. Kc1 g1=Q+ 62. Kd2
Qd1+ 63. Kc3 Qd3+ 64. Kb4 a5+ 65. Kc5 Qd5+ 66. Kb6 c1=Q 67. Ka7 Qc7+ 68.
Ka6 Qdc6# { White checkmated } 0-1

[Event "ICC tourney 2246 (120 10)"]
[Site "Internet Chess Club"]
[Date "2020.12.26"]
[Round "1"]
[White "LittlePawn135"]
[Black "Agabus"]
[Result "0-1"]
[ICCResult "White checkmated"]
[WhiteElo "742"]
[BlackElo "1145"]
[Opening "Scandinavian defense"]
[ECO "B01"]
[NIC "SD.03"]
[Time "12:01:28"]
[PlyCount "110"]
[TimeControl "7200+10"]

1. e4 d5 2. exd5 Nf6 3. Nc3 Nxd5 4. Nxd5 Qxd5 5. Nf3 Bg4 6. Be2 Nc6 7. O-O
h5 8. h3 Qd6 9. d3 O-O-O 10. Ng5 Bxe2 11. Qxe2 Qd5 12. c4 Qf5 13. Qe4 Qxe4
14. dxe4 Rd4 15. b3 f6 16. Be3 Rd3 17. Nf7 Rg8 18. Rfd1 Rd7 19. a3 e6 20.
b4 a6 21. b5 axb5 22. cxb5 Nb8 23. Rxd7 Kxd7 24. Ng5 fxg5 25. Bxg5 Be7 26.
Rd1+ Ke8 27. Bf4 Bxa3 28. Bxc7 Ke7 29. b6 Nc6 30. Ra1 Bd6 31. Rd1 Bxc7 32.
bxc7 Rc8 33. f3 Rxc7 34. Kf2 e5 35. Kg3 Nd4 36. f4 Kf6 37. f5 Kg5 38. h4+
Kf6 39. Kh3 Rc3+ 40. g3 b5 41. Rg1 Ne2 42. Rg2 Rxg3+ 43. Rxg3 Nxg3 44. Kxg3
b4 45. Kf2 b3 46. Ke1 b2 47. Kd1 b1=Q+ 48. Kd2 Qxe4 49. Kc3 Qxh4 50. Kb3
Qd4 51. Kc2 e4 52. Kb1 e3 53. Ka2 e2 54. Kb3 e1=Q 55. Kc2 Qed1# { White
checkmated } 0-1

[Event "ICC tourney 2246 (120 10)"]
[Site "Internet Chess Club"]
[Date "2020.12.26"]
[Round "1"]
[White "ltristam"]
[Black "mimzhang"]
[Result "1-0"]
[ICCResult "Black checkmated"]
[WhiteElo "1297"]
[BlackElo "984"]
[Opening "Ruy Lopez: four knights (Tarrasch) variation"]
[ECO "C77"]
[NIC "RL.12"]
[Time "12:02:07"]
[PlyCount "75"]
[TimeControl "7200+10"]

1. e4 e5 2. Nf3 Nc6 3. Bb5 a6 4. Ba4 Nf6 5. Nc3 Be7 6. d3 b5 7. Bb3 O-O 8.
O-O d6 9. h3 a5 10. Nxb5 a4 11. Bc4 Ba6 12. Be3 Rb8 13. Na3 Bxc4 14. Nxc4
d5 15. Ncxe5 Nxe5 16. Nxe5 Qd6 17. Bf4 Nh5 18. Qxh5 Qa6 19. Nd7 Rxb2 20.
Nxf8 Bxf8 21. Qxd5 Rxc2 22. Rfc1 Rb2 23. Rxc7 Qf6 24. Be3 g6 25. Bd4 Rb5
26. Bxf6 Rxd5 27. exd5 Bd6 28. Rc8+ Bf8 29. Re1 h5 30. Ree8 g5 31. Rxf8+
Kh7 32. Rh8+ Kg6 33. d6 h4 34. d7 Kxf6 35. d8=Q+ Kg6 36. Rc6+ Kf5 37. Qd5+
Kf4 38. Rf6# { Black checkmated } 1-0

[Event "ICC tourney 2246 (120 10)"]
[Site "Internet Chess Club"]
[Date "2020.12.26"]
[Round "1"]
[White "jhong3"]
[Black "Platocrates"]
[Result "1-0"]
[ICCResult "Black resigns"]
[WhiteElo "934"]
[BlackElo "1196"]
[Opening "Philidor's defense"]
[ECO "C41"]
[NIC "KP.10"]
[Time "12:01:37"]
[PlyCount "49"]
[TimeControl "7200+10"]

1. e4 e5 2. Nf3 d6 3. Nc3 Nc6 4. Bc4 h6 5. O-O Be6 6. Bxe6 fxe6 7. d4 exd4
8. Nxd4 Nxd4 9. Qxd4 e5 10. Qd1 Nf6 11. Nd5 Nxe4 12. Qh5+ Kd7 13. Qf5+ Ke8
14. Qxe4 c6 15. Nc3 Qf6 16. f4 Kd7 17. fxe5 Qe6 18. exd6 Bxd6 19. Qf5 Rhf8
20. Qxe6+ Kxe6 21. Re1+ Kd7 22. Be3 a6 23. Rad1 Rfe8 24. Re2 Kc8 25. Rxd6 {
Black resigns } 1-0

[Event "ICC tourney 2246 (120 10)"]
[Site "Internet Chess Club"]
[Date "2020.12.26"]
[Round "1"]
[White "ankilab"]
[Black "aWildNateDawg"]
[Result "0-1"]
[ICCResult "White resigns"]
[WhiteElo "425"]
[BlackElo "1109"]
[Opening "Three knights game"]
[ECO "C46"]
[NIC "KP.06"]
[Time "12:02:20"]
[PlyCount "32"]
[TimeControl "7200+10"]

1. e4 e5 2. Nf3 Nc6 3. Nc3 Bb4 4. a3 Bxc3 5. dxc3 d6 6. Bb5 Bd7 7. Bg5 f6
8. Be3 a6 9. Bd3 Be6 10. O-O d5 11. Qe2 Nge7 12. h3 O-O 13. b4 dxe4 14.
Bxe4 Bf5 15. Bxf5 Nxf5 16. Bc5 Nd6 { White resigns } 0-1

[Event "ICC tourney 2246 (120 10)"]
[Site "Internet Chess Club"]
[Date "2020.12.26"]
[Round "1"]
[White "GagikG2009"]
[Black "AarushV5"]
[Result "1-0"]
[ICCResult "Black checkmated"]
[WhiteElo "1130"]
[BlackElo "672"]
[Opening "Queen's pawn"]
[ECO "A40"]
[NIC "QO.17"]
[Time "12:01:38"]
[PlyCount "83"]
[TimeControl "7200+10"]

1. d4 h6 2. c4 a6 3. Nc3 e6 4. Nf3 d6 5. Bf4 Nf6 6. e3 Be7 7. Bd3 Bd7 8.
O-O O-O 9. Re1 Nc6 10. a3 Nh5 11. Bg3 Nxg3 12. hxg3 Re8 13. Qc2 b5 14. cxb5
axb5 15. Nxb5 e5 16. dxe5 dxe5 17. Nc3 Bg5 18. Rad1 Qc8 19. Nxg5 hxg5 20.
Ne4 g4 21. Rc1 Re7 22. Nc5 g6 23. Nxd7 Qxd7 24. Be4 Re6 25. Bxc6 Rxc6 26.
Qxc6 Qxc6 27. Rxc6 Ra7 28. Rec1 Rb7 29. Rxc7 Rxb2 30. Rc8+ Kg7 31. Ra1 e4
32. a4 Rb6 33. Ra8 g5 34. a5 Rh6 35. a6 f5 36. a7 f4 37. Rg8+ Kxg8 38.
a8=Q+ Kg7 39. Ra7+ Kg6 40. Qc6+ Kh5 41. Qe8+ Rg6 42. Rh7# { Black
checkmated } 1-0

[Event "ICC tourney 2246 (120 10)"]
[Site "Internet Chess Club"]
[Date "2020.12.26"]
[Round "1"]
[White "Zohranvalliani"]
[Black "jhong2"]
[Result "1-0"]
[ICCResult "Black resigns"]
[WhiteElo "973"]
[BlackElo "1256"]
[Opening "King's Indian: Four pawns attack"]
[ECO "E76"]
[NIC "KI.57"]
[Time "12:01:32"]
[PlyCount "85"]
[TimeControl "7200+10"]

1. d4 Nf6 2. c4 g6 3. Nc3 Bg7 4. e4 d6 5. f4 O-O 6. Nf3 c5 7. d5 e6 8. Be2
exd5 9. exd5 Qa5 10. Bd2 Bd7 11. Ne4 Qd8 12. Nxd6 Bg4 13. Nb5 a6 14. Nc3
Re8 15. Ne5 Bxe2 16. Nxe2 Nfd7 17. Nxd7 Nxd7 18. O-O Nf6 19. Ng3 h5 20. f5
h4 21. Ne2 Qd6 22. Bf4 Qe7 23. Nc3 Nh5 24. fxg6 fxg6 25. Qg4 Nxf4 26. Qxf4
Rf8 27. Qd2 Kh7 28. Rae1 Qd7 29. Qg5 Rf5 30. Qxh4+ Rh5 31. Qe7 Qg4 32. Qe4
Qg5 33. Qf4 Be5 34. Qxg5 Rxg5 35. Rf7+ Kg8 36. Rxb7 Bd4+ 37. Kh1 Rf5 38. h3
Raf8 39. Rbe7 Bf2 40. Rf1 Bg3 41. Rxf5 Rxf5 42. Kg1 Rf2 43. Re3 { Black
resigns } 1-0

[Event "ICC tourney 2246 (120 10)"]
[Site "Internet Chess Club"]
[Date "2020.12.26"]
[Round "1"]
[White "charlesshen"]
[Black "varunprabhu"]
[Result "1-0"]
[ICCResult "Black checkmated"]
[WhiteElo "1125"]
[BlackElo "644"]
[Opening "Scotch gambit: Benima defense"]
[ECO "C50"]
[NIC "IG.03"]
[Time "12:01:35"]
[PlyCount "61"]
[TimeControl "7200+10"]

1. e4 e5 2. Nf3 Nc6 3. Bc4 Be7 4. d4 exd4 5. Nxd4 Nf6 6. Nc3 O-O 7. Be3 d6
8. f3 Bd7 9. Bb3 Nxd4 10. Bxd4 c5 11. Be3 b6 12. Qd2 b5 13. a4 c4 14. Ba2
bxa4 15. Bxc4 Qc7 16. Ba2 Qb7 17. O-O Rfe8 18. Kh1 Rac8 19. Bf4 Qc6 20.
Rfd1 Nh5 21. Bxd6 Bxd6 22. Qxd6 Qxd6 23. Rxd6 Nf6 24. Rad1 Red8 25. e5 Ne8
26. Rxd7 Rxd7 27. Rxd7 Nc7 28. Rxf7 Kh8 29. e6 Nb5 30. Nxb5 Rxc2 31. Rf8# {
Black checkmated } 1-0

[Event "ICC tourney 2246 (120 10)"]
[Site "Internet Chess Club"]
[Date "2020.12.26"]
[Round "1"]
[White "joshebow"]
[Black "aang07"]
[Result "1-0"]
[ICCResult "Black checkmated"]
[WhiteElo "673"]
[BlackElo "1130"]
[Opening "English opening"]
[ECO "A17"]
[NIC "EO.64"]
[Time "12:01:48"]
[PlyCount "131"]
[TimeControl "7200+10"]

1. c4 e6 2. Nc3 Nf6 3. g3 d5 4. cxd5 exd5 5. d4 Be7 6. Bg2 Nbd7 7. Nf3 b6
8. Ne5 Bb7 9. O-O O-O 10. Bf4 c5 11. dxc5 bxc5 12. Nxd5 Nxd5 13. Bxd5 Bxd5
14. Qxd5 Nxe5 15. Qxd8 Raxd8 16. Bxe5 Rd2 17. Rfe1 f6 18. Bc3 Rd5 19. Rad1
Rfd8 20. Rxd5 Rxd5 21. Rc1 a6 22. a3 f5 23. b4 cxb4 24. Bxb4 Bxb4 25. axb4
Rd8 26. Rb1 Rb8 27. Kg2 a5 28. b5 a4 29. Ra1 Rxb5 30. Rxa4 Rb8 31. Ra7 Rf8
32. Kf3 h6 33. h4 h5 34. Kf4 Rf6 35. Ra5 g6 36. Kg5 Kg7 37. Ra7+ Rf7 38.
Rxf7+ Kxf7 39. f3 Kg7 40. e4 fxe4 41. fxe4 Kf7 42. Kh6 Kf6 43. e5+ Kf7 44.
e6+ Kxe6 45. Kxg6 Ke7 46. Kxh5 Kf7 47. g4 Kg8 48. g5 Kh7 49. g6+ Kg7 50.
Kg5 Kh8 51. Kf6 Kg8 52. h5 Kf8 53. h6 Kg8 54. h7+ Kh8 55. g7+ Kxh7 56. Kf7
Kh6 57. g8=Q Kh5 58. Qg7 Kh4 59. Qg6 Kh3 60. Qg5 Kh2 61. Qg4 Kh1 62. Kf6
Kh2 63. Kf5 Kh1 64. Kf4 Kh2 65. Kf3 Kh1 66. Qg2# { Black checkmated } 1-0

[Event "ICC tourney 2246 (120 10)"]
[Site "Internet Chess Club"]
[Date "2020.12.26"]
[Round "1"]
[White "waterycargo"]
[Black "Yadhunandan"]
[Result "1-0"]
[ICCResult "Black checkmated"]
[WhiteElo "1222"]
[BlackElo "891"]
[Opening "Queen's pawn, Mason variation"]
[ECO "D00"]
[NIC "QP.08"]
[Time "12:01:52"]
[PlyCount "145"]
[TimeControl "7200+10"]

1. d4 d5 2. Bf4 Nf6 3. e3 Nc6 4. Nf3 Bg4 5. Be2 e6 6. O-O Qe7 7. c4 O-O-O
8. a4 h6 9. a5 g5 10. Bg3 Ne4 11. Nc3 Bg7 12. cxd5 exd5 13. Bb5 a6 14. Bxc6
bxc6 15. Qd3 Kd7 16. Qxa6 Bxf3 17. gxf3 Nd2 18. Rfd1 Nxf3+ 19. Kf1 Nh4 20.
Qb7 Rb8 21. Qxc7+ Ke6 22. Qxc6+ Kf5 23. Qxd5+ Kg6 24. Bxb8 Rxb8 25. Qe4+
Qxe4 26. Nxe4 Rxb2 27. a6 Rb8 28. a7 Ra8 29. Rdb1 f5 30. Rb8 Rxa7 31. Rxa7
fxe4 32. Rb6+ Bf6 33. d5 Kf5 34. d6 Nf3 35. d7 Nxh2+ 36. Kg2 Nf3 37. Rxf6+
Kxf6 38. d8=Q+ Kg6 39. Qd6+ Kh5 40. Ra6 Nh4+ 41. Kg3 Nf5+ 42. Kh3 Nxd6 43.
Rxd6 g4+ 44. Kg3 Kg5 45. Re6 h5 46. Rxe4 h4+ 47. Kh2 h3 48. Rb4 Kh4 49. f3
Kg5 50. Rxg4+ Kf5 51. Kxh3 Ke5 52. Kh4 Kf5 53. Kh5 Ke5 54. Kg6 Ke6 55. Re4+
Kd7 56. Kf6 Kd8 57. Kf7 Kc7 58. Ke6 Kd8 59. Kf7 Kd7 60. Rd4+ Kc6 61. Ke7
Kc5 62. Ke6 Kc6 63. Rc4+ Kb5 64. Rc1 Kb4 65. Kd5 Kb5 66. Rb1+ Ka4 67. Kc5
Ka3 68. Kc4 Ka2 69. Rb8 Ka3 70. Rb7 Ka2 71. Kc3 Ka1 72. Kc2 Ka2 73. Ra7# {
Black checkmated } 1-0

[Event "ICC tourney 2246 (120 10)"]
[Site "Internet Chess Club"]
[Date "2020.12.26"]
[Round "1"]
[White "Phoenix25"]
[Black "auggie29"]
[Result "0-1"]
[ICCResult "White checkmated"]
[WhiteElo "171"]
[BlackElo "1095"]
[Opening "Sicilian defense"]
[ECO "B30"]
[NIC "SI.31"]
[Time "12:01:30"]
[PlyCount "50"]
[TimeControl "7200+10"]

1. e4 c5 2. Nf3 Nc6 3. Nc3 e6 4. Be2 d5 5. e5 f6 6. exf6 Nxf6 7. d3 Bd6 8.
Nb5 Qa5+ 9. Nc3 d4 10. Bd2 dxc3 11. Bxc3 Qd8 12. d4 cxd4 13. Bd2 O-O 14.
Bd3 e5 15. Ng5 Qe7 16. Bc4+ Kh8 17. Qf3 e4 18. Qd1 e3 19. fxe3 dxe3 20.
Bxe3 Qxe3+ 21. Be2 Qxg5 22. Qxd6 Bg4 23. Bc4 Rae8+ 24. Kf1 Ne4+ 25. Kg1
Qe3# { White checkmated } 0-1

[Event "ICC tourney 2246 (120 10)"]
[Site "Internet Chess Club"]
[Date "2020.12.26"]
[Round "1"]
[White "steeljc"]
[Black "SMILERG"]
[Result "0-1"]
[ICCResult "White checkmated"]
[WhiteElo "964"]
[BlackElo "1247"]
[Opening "Evans gambit declined"]
[ECO "C51"]
[NIC "IG.05"]
[Time "12:01:44"]
[PlyCount "176"]
[TimeControl "7200+10"]

1. e4 e5 2. Nf3 Nc6 3. Bc4 Bc5 4. b4 Bb6 5. c3 Nf6 6. d3 d6 7. Qb3 O-O 8.
Ng5 Qe7 9. Nf3 Bg4 10. Bg5 h6 11. Bxf6 Qxf6 12. Nbd2 Rad8 13. O-O-O Bxf2
14. Rhf1 Be3 15. h3 Bh5 16. g4 Bg6 17. Rde1 Bf4 18. Qd1 a6 19. Kc2 b5 20.
Bd5 Ne7 21. Bb7 c6 22. Bxa6 Ra8 23. Bb7 Rxa2+ 24. Kb3 Ra7 25. Bxc6 Nxc6 26.
d4 exd4 27. cxd4 Bxd2 28. Qxd2 Qe7 29. e5 f6 30. Nh4 Qf7+ 31. e6 Qe8 32. d5
Ne5 33. Qe3 Ra3+ 34. Kxa3 Nc4+ 35. Kb3 Nxe3 36. Rxe3 Bh7 37. e7 Rf7 38.
Rfe1 g5 39. Nf5 Bxf5 40. gxf5 h5 41. Re6 g4 42. hxg4 h4 43. g5 fxg5 44. f6
h3 45. Rg1 h2 46. Rxg5+ Kh7 47. Rh5+ Kg6 48. Rxh2 Rxf6 49. Rh8 Rxe6 50.
Rxe8 Kf7 51. Rf8+ Kxe7 52. dxe6 Kxf8 53. Kc3 Ke7 54. Kd4 Kxe6 55. Ke4 d5+
56. Kd4 Kd6 57. Kd3 Ke5 58. Ke3 d4+ 59. Kd3 Kd5 60. Kc2 Kc4 61. Kd2 Kxb4
62. Kd3 Ka3 63. Kxd4 b4 64. Kd3 Ka2 65. Kc2 b3+ 66. Kc1 b2+ 67. Kc2 b1=Q+
68. Kc3 Ka3 69. Kc4 Qb2 70. Kc5 Qb3 71. Kc6 Qb4 72. Kc7 Qb5 73. Kd6 Qc4 74.
Kd7 Qc5 75. Ke6 Qd4 76. Kf5 Qe3 77. Kg4 Qf2 78. Kg5 Qf3 79. Kg6 Qf4 80. Kg7
Qf5 81. Kh6 Qg4 82. Kh7 Qg5 83. Kh8 Kb4 84. Kh7 Kc5 85. Kh8 Kd6 86. Kh7 Ke7
87. Kh8 Kf7 88. Kh7 Qg7# { White checkmated } 0-1